 Dungeon Sprint DCSS version 0.30-a0-218-gedb9141078 (webtiles) character file.

Game seed: 4483328858912185656

47965 mhtbhm the Petrodigitator (level 13, -7/70 HPs)
             Began as a Gargoyle Earth Elementalist on Oct 5, 2022.
             Was the Champion of Vehumet.
             Killed by the air
             ... invoked by Gastronok
              (23 damage)
             ... in the Dungeon (Sprint III: "The Ten Rune Challenge").
             The game lasted 00:19:51 (4922 turns).

mhtbhm the Petrodigitator (GrEE)                    Turns: 4922, Time: 00:19:52

Health: -7/70      AC: 16    Str: 14    XL:     13   Next: 80%
Magic:  1/39       EV: 13    Int: 19    God:    Vehumet [******]
Gold:   1152       SH:  0    Dex: 10    Spells: 7/56 levels left

rFire   + . .      SeeInvis .    l - +4 quarterstaff (chaos)
rCold   . . .      Faith    .    (shield currently unavailable)
rNeg    + . .      Spirit   .    a - +2 robe {rF+}
rPois   ∞          Reflect  .    (no helmet)
rElec   +          Harm     .    k - +2 cloak
rCorr   .          Rampage  .    (no gloves)
Will    .....      NoTele   +    (no boots)
Stlth   ++........               (no amulet)
HPRegen 0.31/turn                (no ring)
MPRegen 0.26/turn                (no ring)

@: very slow
A: sickness immunity, AC +9, negative energy resistance 1, electricity
resistance, torment resistance 1, petrification resistance
}: 1/10 runes: decaying
a: Renounce Religion


You were in the Dungeon.
You worshipped Vehumet.
Vehumet was exalted by your worship.
You visited 1 branch You collected 1998 gold pieces.
You spent 846 gold pieces at shops.

Inventory:

Hand Weapons
 l - a +4 quarterstaff of chaos (weapon)
Missiles
 e - 7 curare-tipped darts (quivered)
 m - 5 atropa-tipped darts
 r - 5 datura-tipped darts
Armour
 a - a +2 robe of fire resistance (worn)
 k - a +2 cloak (worn)
Wands
 j - a wand of charming (11)
 p - a wand of flame (9)
Scrolls
 i - 10 scrolls of identify
Potions
 b - a potion of magic
 c - 2 potions of curing
 f - a potion of berserk rage
 h - a potion of cancellation
 n - 3 potions of flight
 o - 5 potions of mutation
Miscellaneous
 g - a condenser vane
 q - a piece from Xom's chessboard (15/15)


   Skills:
 + Level 4.2 Fighting
 + Level 6.0 Dodging
 - Level 5.7 Stealth
 + Level 22.0 Spellcasting
 + Level 11.3 Conjurations
 + Level 0.9 Hexes
 + Level 3.9 Transmutations
 + Level 1.0 Fire Magic
 O Level 27 Earth Magic
 + Level 2.9 Poison Magic
 + Level 0.2 Evocations


You had 7 spell levels left.
You knew the following spells:

 Your Spells              Type           Power      Damage    Failure   Level
a - Sandblast             Erth           100%       2d20      0%          1
b - Passwall              Tmut/Erth      56%        N/A       0%          2
c - Stone Arrow           Conj/Erth      100%       3d13      0%          3
d - Petrify               Tmut/Erth      68%        N/A       1%          4
e - Olgreb's Toxic Radia  Pois           32%        N/A       1%          4
f - Inner Flame           Hex/Fire       24%        N/A       1%          3
g - Lee's Rapid Deconstr  Erth           44%        3d22*     0%          5
h - Spellforged Servitor  Conj/Summ      21%        N/A       41%         7
i - Fireball              Conj/Fire      22%        3d10      1%          5
j - Iron Shot             Conj/Erth      38%        9d8       1%          6
k - Shatter               Erth           44%        3d34*     1%          9

Your spell library contained the following spells:

 Spells                   Type           Power      Damage    Failure   Level
 Lehudib's Crystal Spear  Conj/Erth      38%        10d9      1%          8
 Fire Storm               Conj/Fire      22%        8d6       100%        9
 Ensorcelled Hibernation  Hex/Ice        44%        N/A       2%          2
 Swiftness                Air            20%        N/A       6%          3


Dungeon Overview and Level Annotations

Branches:
Dungeon (1/1)

Altars:
Cheibriados
Dithmenos
Elyvilon
Fedhas
Gozag
Hepliaklqana
Kikubaaqudgha
Makhleb
Nemelex Xobeh
Okawaru
Qazlal
Ru
Sif Muna
Trog
Uskayaw
Vehumet
Wu Jian
Xom
Yredelemnul
Zin
The Shining One
Jiyva
Lugonu

Shops:
D (?[=[(!=:=(*?(*

Annotations:
D Gastronok


Innate Abilities, Weirdness & Mutations

You are immune to sickness and miasma.
Your stone body is resilient. (AC +9)
You are immune to poison.
You resist negative energy. (rN+)
You are resistant to electric shocks. (rElec)
You are resistant to unholy torment.
You are immune to petrification.


Message History

Press: ? - help, Shift-Dir - straight line, f - bat
Aim: a bat (thin mist, summoned, 66% to hit)
The stone arrow misses the bat.
The bat hits you but does no damage. x2
Unknown command.
Casting: Stone Arrow (safe; 0% risk of failure)
Confirm with . or Enter, or press ? or * to list all spells.
Aiming: Stone Arrow (safe; 0% risk of failure)
Press: ? - help, Shift-Dir - straight line, f/p - bat
Aim: a bat (water, summoned, 66% to hit)
The stone arrow hits the bat!!
You kill the bat!
The bat's corpse disappears in a puff of smoke!
Unknown command.
Unknown command.
Casting: Stone Arrow (safe; 0% risk of failure)
Confirm with . or Enter, or press ? or * to list all spells.
Aiming: Iron Shot (safe; 1% risk of failure)
Press: ? - help, Shift-Dir - straight line, f - dire elephant
Aim: a dire elephant (thin mist, lightly wounded, 100% to hit)
The iron shot hits the dire elephant!!!
The dire elephant is heavily wounded.
Unknown command.
Casting: Iron Shot (safe; 1% risk of failure)
Confirm with . or Enter, or press ? or * to list all spells.
Aiming: Iron Shot (safe; 1% risk of failure)
Press: ? - help, Shift-Dir - straight line, f/p - dire elephant
Aim: a dire elephant (thin mist, heavily wounded, 100% to hit)
The iron shot hits the dire elephant!!!
The dire elephant is severely wounded.
Unknown command.
Casting: Iron Shot (safe; 1% risk of failure)
Confirm with . or Enter, or press ? or * to list all spells.
Aiming: Iron Shot (safe; 1% risk of failure)
Press: ? - help, Shift-Dir - straight line, f/p - dire elephant
Aim: a dire elephant (severely wounded, 100% to hit)
The iron shot hits the dire elephant!!
The dire elephant is almost dead.
Gastronok waves his eye-stalks in wide circles.
The air twists around and strikes you!!
You die...

▓.###..##..####...#...######'#)
▓#...[.##..###....#.⌠.#__#...#'
###..##...##.....#...#__#...#.
##..##....#......#'###__#...#.
#..###..##.#.....#.).#__#...'.
#..# #..#####....#___#__'...#.
▓▓▓▓▓▓▓▓▓▓▓▓▓▓▓▓▓▓▓▓▓▓▓▓▓▓▓▓▓▓
▓...††w≈~~≈.~~♣♣.....♣♣♣♣~~~..
▓..w#~≈~§§§~Y@♣♣.≈≈≈≈'♣♣'♣≈≈≈≈
▓..,#≈..~§§≈.≈††.....#.~♣♣♣♣♣♣
▓.,,#≈≈§§~§~≈≈♣♣♣♣♣♣♣#..♣♣
▓,,,#≈.§~≈≈§.~♣ ###'♣♣♣♣♣
***+####+######** ♣♣♣♣.##..#
*,,,,,,,,,,,,,,,** ♣...##.##)
**+*************+* ♣♣.##.##.#
*,,,*~,,,,,,,,,,,* ♣..#.##..
*,,,+~~,,,********** ♣♣.##.##.


You could see Gastronok and a dire elephant.

Vanquished Creatures
  Frances (D)
  Donald (D)
  3 deep elf demonologists (D)
  A deep elf annihilator (D)
  A dire elephant (D)
  Josephine (D)
  A fire dragon (D)
  2 deep elf high priests (D)
  A hydra (D)
  2 centaur warriors (D)
  4 dancing weapons (D)
  A deep elf knight (D)
  Urug (D)
  A skeletal warrior (D)
  3 death drakes (D)
  A spriggan druid (D)
  A spectral hydra (D)
  An obsidian statue (D)
  A lindwurm (D)
  3 deep elf pyromancers (D)
  2 deep elf zephyrmancers (D)
  An orc knight (D)
  An orc sorcerer (D)
  4 crystal guardians (D)
  2 ugly things (D)
  A water nymph (shapeshifter) (D)
  2 elephants (D)
  4 statues (D)
  2 cane toads (D)
  2 unseen horrors (D)
  A komodo dragon (D)
  A rime drake (D)
  3 yaktaurs (D)
  A queen bee (D)
  2 tyrant leeches (D)
  4 spriggan defenders (D)
  3 wandering mushrooms (D)
  4 orc high priests (D)
  5 blink frogs (D)
  A shadow (D)
  2 spriggans (D)
  3 redbacks (D)
  A spatial vortex (D)
  A floating eye (D)
  A swamp drake (D)
  2 orc warriors (D)
  3 swamp dragon skeletons (D)
  2 centaurs (D)
  An earth elemental (D)
  A necrophage (D)
  A water elemental (D)
  32 killer bees (D)
  An electric eel (D)
  Crazy Yiuf (D)
  3 orc priests (D)
  A jelly (D)
  Jessica (D)
  A wizard (D)
  A necromancer (D)
  3 orc wizards (D)
  3 humans (D)
  A kobold demonologist (D)
  6 orcs (D)
  2 endoplasms (D)
151 creatures vanquished.

Vanquished Creatures (others)
  2 hydras (D)
  An orc (D)
  A frilled lizard (D)
  19 plants (D)
23 creatures vanquished.

Grand Total: 174 creatures vanquished

Notes
Turn   | Place    | Note
-------+----------+-------------------------------------------
     0 | D        | mhtbhm the Gargoyle Earth Elementalist began the quest for
                  | the Orb.
     0 | D        | Reached XP level 1. HP: 10/10 MP: 3/3
     8 | D        | Reached skill level 4 in Earth Magic
    44 | D        | Noticed Jessica
    58 | D        | Killed Jessica
    59 | D        | Reached skill level 6 in Earth Magic
    59 | D        | Reached XP level 2. HP: 3/15 MP: 0/6
    59 | D        | Reached XP level 3. HP: 3/19 MP: 0/7
   156 | D        | Learned a level 2 spell: Passwall
   160 | D        | Learned a level 3 spell: Stone Arrow
   174 | D        | Reached skill level 7 in Earth Magic
   229 | D        | Noticed Crazy Yiuf
   231 | D        | Killed Crazy Yiuf
   232 | D        | Reached skill level 8 in Earth Magic
   232 | D        | Reached XP level 4. HP: 24/24 MP: 2/10
   273 | D        | Learned a level 4 spell: Petrify
   298 | D        | Noticed a water elemental
   301 | D        | Killed a water elemental
   302 | D        | Reached skill level 5 in Spellcasting
   302 | D        | Reached skill level 9 in Earth Magic
   302 | D        | Reached XP level 5. HP: 28/28 MP: 1/12
   391 | D        | Found a radiant altar of Vehumet.
   391 | D        | Found a shimmering blue altar of Sif Muna.
   391 | D        | Found an ancient bone altar of Kikubaaqudgha.
   397 | D        | Reached skill level 1 in Conjurations
   397 | D        | Reached skill level 10 in Earth Magic
   402 | D        | Became a worshipper of Vehumet
   458 | D        | Found a basalt altar of Yredelemnul.
   458 | D        | Found a shadowy altar of Dithmenos.
   458 | D        | Found a sacrificial altar of Ru.
   464 | D        | Reached skill level 11 in Earth Magic
   464 | D        | Reached XP level 6. HP: 33/33 MP: 10/15
   504 | D        | Found a glowing silver altar of Zin.
   504 | D        | Found a glowing golden altar of the Shining One.
   504 | D        | Found a white marble altar of Elyvilon.
   504 | D        | Noticed a deep elf pyromancer
   508 | D        | Killed a deep elf pyromancer
   508 | D        | Reached * piety under Vehumet
   508 | D        | Offered knowledge of Magic Dart by Vehumet.
   509 | D        | Reached skill level 5 in Stealth
   509 | D        | Reached skill level 13 in Earth Magic
   509 | D        | Reached XP level 7. HP: 28/37 MP: 14/19
   545 | D        | Found a hide-covered altar of Uskayaw.
   545 | D        | Found an iron altar of Okawaru.
   545 | D        | Found a bloodstained altar of Trog.
   545 | D        | Found an ornate altar of the Wu Jian Council.
   545 | D        | Noticed a human
   545 | D        | Noticed a human
   550 | D        | Killed a human
   551 | D        | Reached skill level 14 in Earth Magic
   552 | D        | Killed a human
   553 | D        | Reached skill level 1 in Fighting
   553 | D        | Reached XP level 8. HP: 26/43 MP: 11/21
   637 | D        | Reached ** piety under Vehumet
   644 | D        | Noticed a shadow
   646 | D        | Killed a shadow
   647 | D        | Reached skill level 10 in Spellcasting
   674 | D        | Found a blossoming altar of Fedhas.
   674 | D        | Found a stormy altar of Qazlal.
   674 | D        | Found a snail-covered altar of Cheibriados.
   674 | D        | Found a burning altar of Makhleb.
   674 | D        | Found a shimmering altar of Xom.
   675 | D        | Found a hazy altar of Hepliaklqana.
   675 | D        | Found an opulent altar of Gozag.
   675 | D        | Found a sparkling altar of Nemelex Xobeh.
   675 | D        | Found a corrupted altar of Lugonu.
   675 | D        | Found a viscous altar of Jiyva.
   679 | D        | Reached skill level 15 in Earth Magic
   736 | D        | Noticed Josephine
   741 | D        | Killed Josephine
   741 | D        | Offered knowledge of Searing Ray by Vehumet.
   742 | D        | Reached skill level 5 in Conjurations
   742 | D        | Reached skill level 16 in Earth Magic
   742 | D        | Reached XP level 9. HP: 38/48 MP: 7/24
   831 | D        | Reached *** piety under Vehumet
   929 | D        | Noticed a centaur warrior
   936 | D        | Killed a centaur warrior
   936 | D        | Offered knowledge of Frozen Ramparts by Vehumet.
   938 | D        | Reached skill level 17 in Earth Magic
  1048 | D        | Killed an unseen horror
  1048 | D        | Reached **** piety under Vehumet
  1055 | D        | Killed an unseen horror
  1129 | D        | Noticed a wandering mushroom
  1133 | D        | Noticed a wandering mushroom
  1136 | D        | Killed a wandering mushroom
  1136 | D        | Offered knowledge of Olgreb's Toxic Radiance by Vehumet.
  1137 | D        | Reached XP level 10. HP: 55/55 MP: 18/27
  1147 | D        | Learned a level 4 spell: Olgreb's Toxic Radiance
  1147 | D        | Offered knowledge of Inner Flame by Vehumet.
  1154 | D        | Learned a level 3 spell: Inner Flame
  1158 | D        | Reached ***** piety under Vehumet
  1159 | D        | Reached skill level 18 in Earth Magic
  1310 | D        | Found Potoul's Antique Weapon Shoppe.
  1311 | D        | Noticed an orc sorcerer
  1312 | D        | Noticed an orc knight
  1315 | D        | Offered knowledge of Iskenderun's Battlesphere by Vehumet.
  1317 | D        | Killed an orc sorcerer
  1317 | D        | Killed an orc knight
  1318 | D        | Reached skill level 5 in Dodging
  1318 | D        | Reached skill level 1 in Poison Magic
  1333 | D        | Reached ****** piety under Vehumet
  1595 | D        | Offered knowledge of Lee's Rapid Deconstruction by Vehumet.
  1596 | D        | Reached skill level 19 in Earth Magic
  1596 | D        | Reached XP level 11. HP: 59/60 MP: 25/29
  1618 | D        | Learned a level 5 spell: Lee's Rapid Deconstruction
  1620 | D        | Offered knowledge of Spellforged Servitor by Vehumet.
  1745 | D        | Learned a level 7 spell: Spellforged Servitor
  1787 | D        | Noticed a deep elf pyromancer
  1787 | D        | Noticed a deep elf zephyrmancer
  1787 | D        | Noticed a deep elf pyromancer
  1787 | D        | Noticed a deep elf knight
  1787 | D        | Noticed a deep elf zephyrmancer
  1796 | D        | Killed a deep elf zephyrmancer
  1796 | D        | Killed a deep elf zephyrmancer
  1797 | D        | Reached skill level 15 in Spellcasting
  1798 | D        | Killed a deep elf pyromancer
  1805 | D        | Killed a deep elf knight
  1806 | D        | Reached skill level 20 in Earth Magic
  1815 | D        | Killed a deep elf pyromancer
  1816 | D        | Reached skill level 10 in Conjurations
  1938 | D        | Noticed a deep elf demonologist
  1945 | D        | Killed a deep elf demonologist
  1945 | D        | Offered knowledge of Fireball by Vehumet.
  1945 | D        | Noticed a deep elf demonologist
  1949 | D        | Killed a deep elf demonologist
  1950 | D        | Noticed a deep elf high priest
  2077 | D        | Noticed a deep elf annihilator
  2079 | D        | Noticed a deep elf high priest
  2080 | D        | Killed a deep elf annihilator
  2080 | D        | Noticed a deep elf blademaster
  2081 | D        | Reached skill level 21 in Earth Magic
  2083 | D        | Killed a deep elf high priest
  2292 | D        | Killed a deep elf high priest
  2357 | D        | Killed a deep elf demonologist
  2358 | D        | Reached XP level 12. HP: 65/65 MP: 13/33
  2458 | D        | Learned a level 5 spell: Fireball
  2495 | D        | Noticed Donald
  2495 | D        | Noticed Frances
  2503 | D        | Killed Frances
  2503 | D        | Killed Donald
  2503 | D        | Offered knowledge of Irradiate by Vehumet.
  2504 | D        | Reached skill level 22 in Earth Magic
  2611 | D        | Reached skill level 23 in Earth Magic
  2815 | D        | Offered knowledge of Iron Shot by Vehumet.
  2827 | D        | Learned a level 6 spell: Iron Shot
  2846 | D        | Noticed a sun demon
  3048 | D        | Found Qureukku's Assorted Antiques.
  3048 | D        | Found Neskisy's General Store.
  3048 | D        | Found Onwanwem's Jewellery Emporium.
  3048 | D        | Found Suiv's Jewellery Boutique.
  3048 | D        | Found Kogoistr Keov's Antique Weapon Emporium.
  3048 | D        | Found Vuamism's Antique Weapon Shop.
  3048 | D        | Found Ydywkoew's Book Boutique.
  3048 | D        | Found Nuwuxtin's Distillery.
  3048 | D        | Found Juloosysm's Magic Scroll Emporium.
  3048 | D        | Found Walluysa's Antique Weapon Shop.
  3048 | D        | Found Hadoch Goje's Antique Armour Emporium.
  3082 | D        | Upgraded the game from 0.30-a0-210-g01b79a254e to
                  | 0.30-a0-218-gedb9141078
  3094 | D        | Bought a potion of heal wounds for 55 gold pieces
  3094 | D        | Bought a potion of heal wounds for 55 gold pieces
  3094 | D        | Bought 2 potions of flight for 66 gold pieces
  3110 | D        | Bought a condenser vane for 520 gold pieces
  3132 | D        | Killed an eight-headed hydra
  3139 | D        | Offered knowledge of Eringya's Noxious Bog by Vehumet.
  3140 | D        | Reached skill level 24 in Earth Magic
  3284 | D        | Noticed a centaur warrior
  3287 | D        | Killed a centaur warrior
  3407 | D        | Noticed a fire dragon
  3410 | D        | Killed a fire dragon
  3518 | D        | Reached XP level 13. HP: 34/70 MP: 20/36
  3521 | D        | Reached skill level 25 in Earth Magic
  3524 | D        | Reached skill level 1 in Fire Magic
  3726 | D        | Offered knowledge of Lehudib's Crystal Spear by Vehumet.
  3726 | D        | Offered knowledge of Fire Storm by Vehumet.
  3726 | D        | Offered knowledge of Shatter by Vehumet.
  4092 | D        | Learned a level 9 spell: Shatter
  4222 | D        | Reached skill level 26 in Earth Magic
  4269 | D        | Noticed Urug
  4275 | D        | Killed Urug
  4497 | D        | Found a blossoming altar of Fedhas.
  4591 | D        | Found Athrefuf's Magic Scroll Emporium.
  4591 | D        | Found Jewomuha's Antique Armour Shop.
  4598 | D        | Found Rad Yps's Jewellery Shoppe.
  4666 | D        | Bought a scroll of blinking for 75 gold pieces
  4666 | D        | Bought a scroll of magic mapping for 75 gold pieces
  4711 | D        | Got a decaying rune of Zot
  4907 | D        | Noticed a dire elephant
  4908 | D        | Reached skill level 27 in Earth Magic
  4909 | D        | Noticed a dire elephant
  4912 | D        | Noticed Gastronok
  4914 | D        | Killed a dire elephant
  4922 | D        | Killed from afar by Gastronok

Illustrated notes

Levels and vault maps discovered:
D:        dungeon_sprint_mu [sprint_mu_entry_cave, sprint_mu_temple_rooms,
          sprint_mu_d1_horrors, sprint_mu_d2_genie, sprint_mu_d3_branching,
          sprint_mu_orc_legion, sprint_mu_elf_gauntlet, sprint_mu_hive_nellie,
          sprint_mu_lair_fedhas, sprint_mu_vaults_butterflies,
          sprint_mu_slime_circle, sprint_mu_swamp_cave, sprint_mu_shoals_kraken,
          sprint_mu_blade_basic, sprint_mu_crypt_fortress,
          sprint_mu_tomb_spiral, sprint_mu_vestibule_basic,
          sprint_mu_gehenna_hellfire, sprint_mu_dis_giant,
          sprint_mu_tartarus_statrot, sprint_mu_cocytus_islands, sprint_mu_zot1]

Skill      XL: |  1  2  3  4  5  6  7  8  9 10 11 12 13 |
---------------+----------------------------------------+-----
Earth Magic    | 6 8 9 11 13 14 16 17 19 21 24 27 | 27.0
Dodging        | 2 3 4 5 6 |  6.0
Stealth        | 3 4 5 |  5.7
Spellcasting   | 3 4 5 6 8 9 11 13 14 17 19 22 | 22.0
Conjurations   | 1 2 3 5 7 9 10 11 | 11.3
Fighting       | 1 2 3 4 |  4.2
Poison Magic   | 2 |  2.9
Transmutations | 2 3 |  3.9
Fire Magic     | 1 |  1.0
Hexes          | |  0.9
Evocations     | |  0.2

Action                   |  1- 3 |  4- 6 |  7- 9 | 10-12 | 13-15 || total
-------------------------+-------+-------+-------+-------+-------++-------
Melee: Quarterstaff      |       |       |       |     8 |     9 ||    17
 Cast: Sandblast         |     8 |     9 |    20 |     6 |       ||    43
       Stone Arrow       |     3 |     6 |    25 |    33 |     2 ||    69
       Petrify           |       |       |       |     4 |     3 ||     7
       Passwall          |       |       |       |     3 |       ||     3
       Olgreb's Toxic Ra |       |       |       |     1 |       ||     1
       Lee's Rapid Decon |       |       |       |    70 |    47 ||   117
       Inner Flame       |       |       |       |     1 |       ||     1
       Iron Shot         |       |       |       |       |    30 ||    30
Evoke: Piece from Xom's  |       |       |       |     1 |       ||     1
  Use: Scroll            |       |       |       |     7 |     2 ||     9
       Potion            |       |       |       |     3 |     4 ||     7
Armor: Robe              |       |     3 |    16 |    21 |    16 ||    56
Dodge: Dodged            |     3 |     3 |     6 |    21 |    10 ||    43

Table legend: (Time is in decaauts)
 A = Elapsed time spent in this place.
 B = Non-inter-level travel time spent in this place.
 C = Inter-level travel time spent in this place.
 D = Time resting spent in this place.
 E = Time spent auto-exploring this place.
 F = Levels seen in this place.
 G = Mean time per level.
                   A        B        C        D        E       F      G
               +--------+--------+--------+--------+--------+-----+--------+
         Total |   4976 |   4852 |    124 |   3156 |    112 |   1 | 4976.0 |
       Dungeon |   4976 |   4852 |    124 |   3156 |    112 |   1 | 4976.0 |
               +--------+--------+--------+--------+--------+-----+--------+

Top non-repeatable levels by time:
       D: 4976 daAuts
